 Dungeon Crawl Stone Soup version bcrawl-1.40.3b (webtiles) character file.

Game seed: 10559543171360361454

159126 Amelense the Skirmisher (level 5, -4/58 HPs)
             Began as an Ent Fighter on Feb 6, 2024.
             Slain by a centaur (6 damage)
             ... on level 4 of the Dungeon.
             The game lasted 00:08:17 (2170 turns).

Amelense the Skirmisher (Ent Fighter)               Turns: 2170, Time: 00:08:18

Health: -4/58      AC: 12    Str: 29    XL:     5   Next: 16%
Magic:  5/5        EV:  8    Int:  9    God:
Gold:   189        SH:  9    Dex:  9    Spells: 4/4 levels left

rFire    + . .     GDR:     30% a - +0 flail
rCold    x . .     SeeInvis .   b - +0 medium shield
rNeg     + + +     Gourm    .   (armour unavailable)
rPois    +         Faith    .   (helmet restricted)
rElec    .         Spirit   .   (no cloak)
rCorr    .         Reflect  .   (gloves unavailable)
MR       .....     Rnd*Tele +   (boots unavailable)
Stlth    +.........             (no amulet)
HPRegen  0.19/turn              n - ring of teleportation (curse)
MPRegen  0.09/turn              s - ring "Kengos" {Fire +Fly}

@: mighty, very slow
A: large, slow actions, passwall, strong branches, negative energy resistance 3,
poison resistance, slow metabolism 1, torment resistance, unbreathing, AC +12
a: Passwall, Evoke Flight


You were on level 4 of the Dungeon.
You were not hungry.

You visited 1 branch of the dungeon, and saw 4 of its levels.

You collected 189 gold pieces.

Inventory:

Hand Weapons
 a - a +0 flail (weapon)
 g - a +0 hand axe
 l - a +1 falchion of draining
Armour
 b - a +0 medium shield (worn)
Jewellery
 n - a cursed ring of teleportation (left hand)
 s - the ring "Kengos" (right hand) {Fire +Fly}
   (You found it on level 4 of the Dungeon)

   [ring of fire]

   It enhances your fire magic.
   It protects you from fire.
   It makes you vulnerable to cold.
   It lets you fly.
Scrolls
 d - a scroll of fear {unknown}
 h - 2 scrolls of remove curse {unknown}
 i - 4 scrolls of identify
 j - 2 scrolls of immolation {unknown}
 k - 3 scrolls of amnesia {unknown}
 o - 2 scrolls of teleportation {unknown}
 p - 2 scrolls of fog {unknown}
 q - a scroll of revelation {unknown}
 r - 4 scrolls of blinking {unknown}
Potions
 f - a potion of heal wounds
 m - a potion of resistance {unknown}
Comestibles
 e - 6 rations {!d}


   Skills:
 + Level 4.0 Fighting
 - Level 1.3(2.0) Axes
 * Level 3.5(3.9) Maces & Flails
 + Level 3.4 Dodging
 + Level 0.2 Stealth
 + Level 3.0 Shields


You had 4 spell levels left.
You didn't know any spells.
Your spell library was empty.

Dungeon Overview and Level Annotations

Branches:
Dungeon (4/12)
 Temple: D:4-7

Altars:


Innate Abilities, Weirdness & Mutations

You move and act slowly.
You can pass through walls and trees.
Your branches can wield two-handed weapons with a shield.
Your thick bark is tough. (AC +12)
You are too large for most types of armour.
You are immune to negative energy. (rN+++)
Your system is resistant to poisons. (rPois)
You have a slow metabolism.
You are immune to unholy pain and torment.
You can survive without breathing.


Message History

The hound closely misses you.
The centaur hits you but does no damage.
The quokka bites you but does no damage.
You closely miss the hound. The hound barely misses you.
The worker ant bites you but does no damage.
You block the crimson imp's attack.
The crimson imp hits you but does no damage.
The hound barely misses you. You block the quokka's attack.
The worker ant bites you.
* * * LOW HITPOINT WARNING * * *
The centaur hits you!
* * * LOW HITPOINT WARNING * * *
The crimson imp breathes fire at you. You resist. The flame tongue hits you.
* * * LOW HITPOINT WARNING * * *
The crimson imp hits you but does no damage.
The hound bites you but does no damage.
The quokka bites you but does no damage.
The worker ant barely misses you. The centaur hits you.
You die...

# ## ## $# ##.#
.##.# # #.#.
.#.# #..
#.r#5.#
#...#5@c#
#...ha....#
#...#.....#....
#.....#......#.
##.......#/....
#..............
######.#####.##
#. ... ## ##


You could see a centaur, a hound, a worker ant, 2 crimson imps and a quokka.

Vanquished Creatures
  A crimson imp (D:4)
  3 gnolls (D:2)
  3 adders (D:3)
  5 worms
  A dart slug (D:1)
  2 orcs (D:3)
  5 bats (D:1)
  A giant cockroach (D:2)
  5 goblins
  8 hobgoblins
  2 jackals (D:2)
  A quokka (D:3)
  2 frilled lizards
  10 kobolds
  2 rats
51 creatures vanquished.

Notes
Turn   | Place    | Note
-------+----------+-------------------------------------------
     0 | D:1      | Amelense the Ent Fighter began the quest for the Orb.
     0 | D:1      | Reached XP level 1. HP: 25/25 MP: 1/1
    91 | D:1      | Reached XP level 2. HP: 30/33 MP: 2/2
   828 | D:2      | Reached XP level 3. HP: 36/40 MP: 3/3
  1113 | D:2      | Reached XP level 4. HP: 48/51 MP: 4/4
  1135 | D:2      | Reached skill level 1 in Axes
  2158 | D:4      | Noticed a centaur
  2160 | D:4      | Got a glittering wooden ring
  2167 | D:4      | Identified the ring "Kengos" {Fire +Fly} (You found it on
                  | level 4 of the Dungeon)
  2169 | D:4      | Reached skill level 4 in Fighting
  2169 | D:4      | Reached XP level 5. HP: 25/58 MP: 5/5
  2170 | D:4      | HP: 2/58 [crimson imp/flame tongue (6)]
  2170 | D:4      | Slain by a centaur

Skill      XL: |  1  2  3  4 |
---------------+-------------+-----
Dodging        | 3 |  3.4
Maces & Flails | 3 |  3.5
Axes           | 1 |  1.3
Shields        | 3 |  3.0
Fighting       | 4 |  4.0
Stealth        | |  0.2

Action                   |  1- 3 |  4- 6 || total
-------------------------+-------+-------++-------
Melee: Hand axe          |   117 |    61 ||   178
       Flail             |     7 |     5 ||    12
  Use: Potion            |       |     2 ||     2
 Stab: Sleeping          |     1 |       ||     1
  Eat: Chunk             |     5 |     5 ||    10
Armor: Skin              |    90 |    67 ||   157
Dodge: Dodged            |    61 |    40 ||   101
Block: Medium shield     |    77 |    49 ||   126
